[Event "Croatian 1A League 2022"]
[Site "Porec"]
[Date "2022.10.02"]
[Round "9.30"]
[White "Vernacki, Srdjan"]
[Black "Armanda, Ivica"]
[Result "1/2-1/2"]
[WhiteElo "2280"]
[BlackElo "2230"]
[Annotator "TA"]
[PlyCount "33"]
[EventDate "2022.09.24"]
[EventType "team-tourn"]
[EventCountry "CRO"]
[SourceTitle "playchess.com"]
[Source "ChessBase"]
[SourceQuality "1"]
[TimeControl "40/5400+30:1800+30"]

1. Nf3 Nf6 2. g3 g6 3. Bg2 Bg7 4. O-O O-O 5. c4 d6 6. Nc3 c5 7. d3 Nc6 8. e4 e5 {[%emt 0:00:08] is the legacy move (8...Bg4). A38: Symmetrical English vs ...g6: 4 Bg2 Bg7 5 Nf3 Nf6.} 9. h3 {[%emt 0:00:05] was the old line (9.a3).} a6 10. Be3 {[%emt 0:00:04] [#] Not much happened in this game.  Weighted Error Value: White=0.21 (precise) /Black=0.15 (very precise)} {Predecessor:} Nd4 $146 11. a4 Bd7 12. Rb1 Ne8 13. Nd5 f5 14. Bg5 Nxf3+ 15. Qxf3 Qxg5 16. b4 cxb4 17. Rxb4 {0-1 (28) Kalinin,A (2156)-Novikov,A (1615) Kolomna 2015} 1/2-1/2